Map: Proxima Station LE

Players

HeltEn

  • Race: Terran Terran
  • Spawn Location: 7:00

FoolOfaTook - Winner!

  • Race: Zerg Zerg
  • Spawn Location: 1:00

Event: WCS Austin 2017

VOD

Have the link to the VOD?

Description

Time

  • Played on: April 28, 2017, 2:03 p.m.
  • Length: 17:10

All games in this series

Show
View Real Time Build Order
Export as new Build Order

HeltEn Terran 

Build Orders: Bio Mine, Hellion Banshee 

Get SALT Encoding   

  12  0:00  SCV  
  13  0:12  SCV  
  14  0:18  Supply Depot  
  14  0:25  SCV  
  15  0:29  Refinery  
  15  0:39  SCV  
  16  0:45  Barracks  
  16  0:51  SCV  
  17  1:03  SCV  
  18  1:15  SCV  
  20  1:32  Reaper, Orbital Command  
  20  1:47  Command Center  
  20  1:59  SCV  
  21  2:02  Factory  
  21  2:06  Barracks Reactor  
  21  2:12  SCV  
  22  2:16  Supply Depot  
  22  2:28  Refinery  
  21  2:36  SCV  
  22  2:48  SCV  
  23  2:54  Starport  
  23  2:59  Orbital Command  
  23  3:02  Hellion x2, Barracks Tech Lab  
  27  3:05  SCV  
  27  3:17  SCV  
  28  3:23  Hellion  
  28  3:24  Hellion, SCV  
  33  3:30  SCV  
  34  3:36  SCV  
  34  3:37  Raven  
  37  3:42  SCV  
  37  3:47  Hellion  
  37  3:48  Supply Depot  
  40  3:49  Hellion  
  40  3:53  SCV  
  40  3:54  Cloaking Field, SCV  
  44  4:03  Marine  
  44  4:07  SCV  
  46  4:10  SCV  
  46  4:14  Supply Depot  
  47  4:19  SCV  
  47  4:22  SCV  
  49  4:25  Barracks Tech Lab  
  49  4:27  Banshee  
  52  4:35  Command Center, SCV x2  
  54  4:43  Barracks  
  54  4:46  Factory Reactor  
  54  4:47  Marine  
  54  4:49  Barracks  
  55  4:55  Stimpack  
  55  4:58  SCV x2  
  57  5:01  Engineering Bay  
  57  5:03  Engineering Bay  
  57  5:11  SCV x2  
  59  5:20  Marine  
  60  5:24  SCV x2  
  60  5:28  Starport Reactor  
  62  5:29  Supply Depot x2  
  62  5:35  Terran Infantry Weapons Level 1  
  62  5:38  Supply Depot, Factory Reactor  
  62  5:47  Marine x2, SCV x2  
  67  5:51  Marine  
  67  5:57  Orbital Command  
  67  5:59  Barracks, SCV  
  67  6:00  SCV  
  67  6:01  Refinery, Barracks  
  69  6:05  Marine x2  
  69  6:09  Marine  
  70  6:12  Terran Infantry Armor Level 1  
  70  6:14  SCV x2  
  70  6:17  Marine x2  
  74  6:19  Refinery  
  74  6:23  Marine  
  74  6:24  Widow Mine x2, Marine  
  80  6:28  Medivac  
  80  6:30  Medivac  
  80  6:31  Marine  
  85  6:37  SCV  
  85  6:38  Armory, SCV  
  87  6:41  Marine  
  87  6:42  Supply Depot  
  88  6:48  Marine, Orbital Command  
  88  6:49  Marine x2, SCV  
  88  6:50  Barracks Tech Lab  
  88  6:52  Barracks Reactor  
  92  7:02  Marine x2  
  92  7:06  Marine x2  
  92  7:07  Marine  
  97  7:11  Marine  
  97  7:13  SCV x2  
  100  7:19  SCV  
  100  7:20  Marine x2  
  100  7:21  Medivac x2  
  107  7:23  Missile Turret  
  107  7:25  Missile Turret, SCV  
  107  7:28  Marine  
  109  7:32  Supply Depot  
  109  7:33  Marine x2  
  111  7:39  Missile Turret, Marine x2  
  111  7:40  Marine x2  
  111  7:41  Marine  
  116  7:46  Marine  
  116  7:48  Factory  
  116  7:49  Combat Shields, Concussive Shells  
  117  7:54  SCV x3  
  117  7:58  Supply Depot, Marine x3  
  120  7:59  Supply Depot  
  123  8:12  Marine  
  119  8:13  Widow Mine, Marine x3  
  119  8:19  Widow Mine  
  129  8:21  Supply Depot  
  129  8:22  Supply Depot x2, Marine x4  
  129  8:23  Supply Depot  
  129  8:24  Medivac  
  134  8:29  Terran Infantry Weapons Level 2  
  134  8:31  Terran Infantry Armor Level 2  
  134  8:33  Medivac  
  131  8:49  Marine x2  
  131  8:50  Marine x6  
  131  8:54  Medivac  
  141  8:57  Widow Mine x2  
  141  9:00  SCV x2  
  141  9:01  SCV  
  148  9:03  Medivac  
  148  9:07  Marine x3  
  148  9:08  Marine x3  
  156  9:22  Marine  
  156  9:23  Marine  
  156  9:24  SCV x3  
  156  9:25  Marine  
  156  9:29  Marine  
  156  9:30  Barracks, Marine  
  156  9:31  Barracks, Marine x2  
  162  9:32  Marine  
  162  9:33  Barracks  
  162  9:35  Missile Turret  
  165  9:38  Widow Mine x2  
  165  9:40  Marine  
  165  9:41  Drilling Claws  
  170  9:49  Marine x2  
  170  9:50  SCV  
  173  9:54  SCV x2  
  173  9:58  Marine  
  150  10:03  Marine  
  150  10:04  Marine  
  128  10:18  Marine  
  128  10:19  Marine  
  108  10:28  SCV  
  108  10:29  Marine x4, SCV  
  108  10:34  Marine  
  108  10:35  Widow Mine x2  
  111  10:41  Marine  
  111  10:47  Marine  
  110  10:57  Marine x4  
  110  10:58  Marine x2  
  110  11:02  Missile Turret  
  110  11:03  Missile Turret  
  86  11:20  Marine  
  86  11:22  Marine  
  86  11:23  Marine x5  
  84  11:29  Widow Mine x2, Marine  
  84  11:38  Terran Infantry Weapons Level 3, Marine  
  85  11:40  Marine  
  85  11:41  Marine  
  87  11:47  SCV x2  
  89  11:56  Marine x2  
  91  12:02  SCV x2  
  93  12:23  Marine  
  93  12:24  Widow Mine x2, Marine x3  
  101  12:30  Thor  
  101  12:32  SCV x2  
  105  12:50  Marine  
  105  12:51  Marine x2  
  95  12:52  Marine x3  
  99  13:05  Marine  
  100  13:08  Marine  
  100  13:14  Marine x4  
  100  13:15  Widow Mine x2  
  100  13:16  Thor  
  114  13:23  Marine  
  107  13:37  Marine  
  107  13:38  Marine x3  
  109  13:54  Orbital Command  
  109  13:56  Widow Mine x2  
  109  14:01  Missile Turret  
  113  14:04  Marine x3  
  113  14:17  Marine  
  113  14:18  Widow Mine  
  116  14:24  Marine  
  116  14:25  Marine  
  116  14:37  Marine x2  
  81  14:48  Marine x3  
  69  14:53  Marine  
  69  14:55  Marine  
  69  14:57  Medivac x2  
  55  15:01  SCV x2  
  55  15:04  Marine  
  54  15:10  Widow Mine x2  
  54  15:12  Widow Mine  
  59  15:27  Medivac  
  43  15:32  Marine x3  
  43  15:33  Marine  
  38  15:42  Marine  
  32  15:59  Marine x2  
  32  16:17  Orbital Command  
Show
View Real Time Build Order
Export as new Build Order

FoolOfaTook Zerg - Winner!

Build Orders: Hatch First, Muta Ling Bane 

Get SALT Encoding   

  12  0:01  Drone  
  13  0:12  Overlord  
  13  0:17  Drone  
  14  0:32  Drone x2  
  16  0:35  Drone  
  17  0:46  Drone  
  18  0:57  Hatchery  
  17  0:58  Drone  
  17  1:00  Extractor  
  17  1:13  Spawning Pool  
  17  1:17  Drone  
  17  1:20  Drone  
  18  1:31  Drone  
  19  1:40  Overlord  
  19  1:53  Drone  
  20  2:00  Queen  
  23  2:01  Zergling x2  
  23  2:02  Metabolic Boost  
  23  2:10  Zergling x2  
  23  2:14  Queen  
  23  2:15  Drone  
  27  2:20  Drone  
  28  2:27  Drone  
  29  2:32  Drone  
  29  2:36  Drone  
  30  2:41  Drone  
  31  2:47  Overlord  
  30  2:52  Queen  
  30  2:53  Zergling x2  
  30  2:55  Zergling x2  
  34  3:00  Pneumatized Carapace  
  34  3:03  Drone  
  35  3:05  Drone  
  36  3:13  Drone x2  
  36  3:19  Drone  
  40  3:20  Drone  
  40  3:22  Hatchery  
  40  3:24  Drone  
  40  3:31  Queen  
  42  3:34  Drone  
  42  3:37  Overlord  
  43  3:57  Drone x2  
  43  3:58  Drone  
  43  3:59  Drone, Overlord  
  43  4:00  Drone x2  
  43  4:01  Drone  
  50  4:03  Drone  
  50  4:04  Spore Crawler  
  50  4:05  Spore Crawler  
  49  4:10  Lair  
  50  4:17  Drone x2, Extractor  
  50  4:18  Extractor, Baneling Nest  
  50  4:19  Drone  
  49  4:27  Drone x2  
  49  4:29  Spine Crawler  
  49  4:31  Spine Crawler  
  49  4:34  Zergling x6  
  49  4:36  Drone  
  53  4:40  Extractor  
  53  4:44  Queen  
  54  4:48  Drone x3  
  54  4:49  Drone  
  54  4:51  Drone  
  59  4:54  Zergling x4  
  59  4:59  Drone x2  
  63  5:03  Drone  
  63  5:08  Drone x3  
  63  5:12  Drone x2  
  64  5:20  Spire  
  63  5:29  Drone x2  
  63  5:31  Overlord  
  65  5:40  Overseer  
  65  5:41  Evolution Chamber  
  65  5:42  Evolution Chamber  
  62  5:44  Overseer  
  62  5:46  Drone x5  
  64  5:51  Drone x2  
  64  5:52  Drone x2  
  64  5:56  Drone  
  67  5:59  Drone  
  67  6:01  Drone  
  67  6:02  Drone  
  70  6:06  Drone x3  
  70  6:08  Overlord  
  70  6:09  Extractor  
  72  6:11  Extractor  
  72  6:13  Spore Crawler  
  70  6:24  Drone  
  70  6:25  Drone x2  
  73  6:26  Overlord  
  73  6:27  Drone x2  
  73  6:28  Drone x2  
  73  6:29  Drone  
  73  6:30  Drone  
  73  6:31  Drone  
  73  6:32  Drone  
  81  6:42  Overlord x2  
  81  6:44  Zerg Ground Armor Level 1  
  81  6:45  Zerg Melee Weapons Level 1  
  81  6:50  Centrifical Hooks  
  81  6:52  Zerg Flyer Weapons Level 1  
  81  6:54  Drone  
  82  7:03  Overlord  
  82  7:04  Zergling x2  
  82  7:05  Zergling x14  
  90  7:14  Mutalisk x4  
  98  7:22  Hatchery  
  97  7:30  Mutalisk x3  
  97  7:31  Mutalisk  
  97  7:35  Baneling  
  97  7:36  Baneling x11  
  105  7:39  Mutalisk  
  105  7:40  Mutalisk  
  109  7:49  Mutalisk  
  109  7:50  Mutalisk  
  112  7:51  Overlord x2  
  112  7:52  Zergling x2  
  112  8:12  Hatchery  
  111  8:13  Zergling x22  
  111  8:14  Zergling x8  
  125  8:20  Baneling x2  
  125  8:26  Hatchery  
  124  8:30  Mutalisk x2  
  124  8:32  Overlord x2  
  125  8:48  Overlord  
  125  8:49  Overlord x3  
  125  8:53  Baneling  
  125  8:54  Mutalisk x5, Baneling x4  
  125  8:55  Mutalisk  
  137  9:02  Zergling x2  
  138  9:10  Zerg Flyer Weapons Level 2  
  138  9:11  Zergling x2  
  138  9:12  Zergling x16  
  144  9:26  Zergling x2  
  144  9:27  Zergling x14  
  152  9:39  Baneling x4  
  152  9:40  Mutalisk x4, Baneling x2  
  152  9:43  Zergling x12  
  150  10:06  Zergling x2  
  150  10:07  Zergling x14  
  150  10:13  Zergling x2  
  133  10:14  Zergling x20  
  131  10:22  Zergling x2  
  131  10:23  Zergling x10  
  131  10:26  Zergling x2  
  131  10:27  Baneling  
  131  10:28  Baneling x7  
  129  10:31  Zerg Ground Armor Level 2, Zerg Melee Weapons Level 2  
  129  10:33  Zergling x4  
  129  10:34  Zergling x4  
  129  10:35  Baneling x2  
  130  10:36  Baneling  
  130  10:48  Zergling x4  
  129  10:50  Overseer  
  129  10:51  Zergling x4  
  129  10:52  Zergling x4  
  129  10:54  Zergling x2  
  129  10:57  Baneling x8  
  132  10:59  Zergling x6  
  127  11:07  Zergling x2  
  127  11:08  Zergling x8  
  125  11:15  Zergling x8  
  105  11:36  Mutalisk x3  
  111  11:49  Drone x2  
  111  11:50  Drone x5  
  111  11:52  Extractor  
  111  11:53  Zergling x4  
  111  11:54  Zergling x2, Hatchery  
  113  11:57  Overseer  
  113  11:58  Overseer  
  113  11:59  Baneling  
  113  12:00  Baneling x2  
  110  12:12  Zergling x16  
  110  12:13  Zergling x6  
  121  12:28  Zergling x4  
  121  12:29  Zergling x14  
  130  12:39  Baneling  
  130  12:40  Baneling x14  
  104  12:51  Zergling x2  
  104  12:52  Zergling x12  
  104  12:54  Baneling x2  
  104  12:56  Baneling x2  
  104  12:57  Baneling  
  104  12:58  Baneling  
  97  13:07  Zergling x8  
  84  13:38  Zergling x2  
  84  13:39  Zergling x24  
  95  13:57  Hatchery  
  95  14:01  Mutalisk x2  
  98  14:16  Zergling x2  
  98  14:17  Zergling x16  
  100  14:19  Baneling x2  
  100  14:20  Baneling  
  100  14:21  Baneling  
  100  14:22  Baneling  
  100  14:23  Baneling  
  89  14:40  Zergling x2  
  89  14:41  Zergling x14  
  77  15:13  Drone x3  
  77  15:14  Drone x4  
  82  15:15  Drone x2  
  86  15:26  Hatchery  
  78  15:29  Mutalisk x3  
  84  15:43  Zergling x2  
  84  15:44  Zergling x14  
  74  16:00  Mutalisk x4  
  80  16:04  Zergling x4  
  82  16:13  Baneling  
  82  16:14  Baneling  
  82  16:17  Baneling  
  82  16:18  Baneling x4  
  82  16:19  Mutalisk  
  82  16:20  Mutalisk  
  82  16:23  Zergling x2  
  82  16:24  Zergling x4  
  89  16:34  Zergling x2  
  89  16:35  Zergling x10  
  95  16:53  Baneling x4  
Tags
 
Add a new tag
Caveats
  • Supply blocks, unpowered buildings, or Contaminate may cause inaccurate times.
  • Supply counts are checked every 10 seconds.